[Event "Titled Tuesday Blitz February 22 Early 2022"]
[White "Krzywda, Andrzej"]
[Black "Nosacheva, Mariya"]
[WhiteFideId "1114565"]
[BlackFideId "34111422"]
[WhiteElo "2098"]
[BlackElo "2055"]
[Result "1-0"]
[Round "11"]
[TimeControl "180+1"]
[Date "2022.02.22"]
[WhiteClock "0:00:02"]
[BlackClock "0:00:13"]

1. e4 c5 2. Nf3 d6 3. d4 cxd4 4. Nxd4 Nf6 5. Nc3 a6 6. Bg5 e6 7. f4 Nc6 8. Nf3 h6 9. Bxf6 Qxf6 10. Qd2 g5 11. f5 g4 12. Ng1 h5 13. Bd3 Bh6 14. Qf2 Qd4 15. fxe6 Bxe6 16. Nge2 Qxf2+ 17. Kxf2 O-O-O 18. Rhf1 h4 19. g3 hxg3+ 20. hxg3 Ne5 21. Rh1 Nf3 22. Nf4 Rdg8 23. Ncd5 Bxd5 24. Nxd5 Bg5 25. Be2 Ne5 26. c4 Kd7 27. Rad1 Ke6 28. b4 Rc8 29. Kg2 Rxh1 30. Rxh1 f5 31. exf5+ Kxf5 32. Rh7 b5 33. cxb5 axb5 34. Kf1 Rc2 35. Kf2 Rxa2 36. Ke1 Bd2+ 37. Kd1 Bg5 38. Rb7 Rd2+ 39. Ke1 Rxd5 40. Rb6 Ke4 41. Bxb5 Ke3 42. Be2 Nf3+ 43. Kf1 Nd2+ 44. Ke1 Nf3+ 45. Kf1 Nd2+ 46. Ke1 Ne4 47. Bxg4 Nc3 48. Rb8 Bf6 49. Re8+ Be5 50. Bh5 Rb5 51. g4 1-0


[Site "https://www.chess.com"]

[Event "Titled Tuesday Blitz February 22 Early 2022"]
[White "Leiva, Gianmarco"]
[Black "Piesik, Piotr"]
[WhiteFideId "3804399"]
[BlackFideId "1136194"]
[WhiteElo "2328"]
[BlackElo "2232"]
[Result "0-1"]
[Round "11"]
[TimeControl "180+1"]
[Date "2022.02.22"]
[WhiteClock "0:00:02"]
[BlackClock "0:01:49"]

1. e4 g6 2. Nf3 Bg7 3. d4 c6 4. c4 d5 5. Nc3 dxe4 6. Nxe4 Bg4 7. Neg5 h6 8. Ne4 Bxf3 9. Qxf3 Qxd4 10. Nc3 Nd7 11. Be3 Ne5 12. Qe2 Qg4 13. Qc2 Nf6 14. f4 Ned7 15. Bd3 Qe6 16. Qe2 Ng4 17. Bd2 Qxe2+ 18. Kxe2 O-O 19. Ne4 Ngf6 20. Rhf1 Nxe4 21. Bxe4 Nc5 22. Bc2 Bxb2 23. Rab1 Bd4 24. Bb4 b6 25. Rfd1 Rad8 26. Bxc5 Bxc5 27. Be4 Bd6 28. f5 gxf5 29. Bxf5 Bxh2 30. Rh1 Bf4 31. g3 Bg5 32. Be4 c5 33. Kf3 Rd4 34. Rhd1 Rfd8 35. Bd5 Rxd1 0-1


[Site "https://www.chess.com"]

[Event "Titled Tuesday Blitz February 22 Early 2022"]
[White "Ljukin, Sergei"]
[Black "Qashashvili, Alexandre"]
[WhiteFideId "14102200"]
[BlackFideId "13600842"]
[WhiteElo "2312"]
[BlackElo "2316"]
[Result "0-1"]
[Round "11"]
[TimeControl "180+1"]
[Date "2022.02.22"]
[WhiteClock "0:00:32"]
[BlackClock "0:00:14"]

1. e4 c6 2. d4 d5 3. e5 Bf5 4. Nd2 e6 5. Nb3 Nd7 6. Nf3 c5 7. dxc5 Nxc5 8. Be2 Nxb3 9. axb3 a6 10. c3 Bc5 11. b4 Bb6 12. b5 a5 13. Nd4 Bg6 14. Be3 Ne7 15. Bd3 Bxd3 16. Qxd3 O-O 17. O-O Bxd4 18. Bxd4 b6 19. f4 Nf5 20. Bf2 Rb8 21. g4 Ne7 22. f5 exf5 23. gxf5 f6 24. e6 Qc7 25. Kh1 Rbc8 26. Bd4 Rb8 27. Rf2 Qc4 28. Qxc4 dxc4 29. Rg1 Kh8 30. Rfg2 Nxf5 31. e7 Rf7 32. Bxb6 Rxe7 33. Bxa5 Rxb5 34. Bb4 Re8 35. Rg4 Rc8 36. Re1 Rd5 37. h4 h5 38. Rf4 Kh7 39. Kg1 Kg6 40. Ree4 Rd1+ 41. Kf2 Rd2+ 42. Ke1 Rxb2 43. Rxc4 Ra8 0-1


[Site "https://www.chess.com"]

[Event "Titled Tuesday Blitz February 22 Early 2022"]
[White "Loy, Konstantin"]
[Black "Gabdrakhmanov, Azat"]
[WhiteFideId "14122499"]
[BlackFideId "34189197"]
[WhiteElo "2084"]
[BlackElo "2279"]
[Result "0-1"]
[Round "11"]
[TimeControl "180+1"]
[Date "2022.02.22"]
[WhiteClock "0:00:01"]
[BlackClock "0:00:28"]

1. e4 c5 2. Nf3 e6 3. d3 Nc6 4. g3 Nf6 5. Bg2 d6 6. O-O Be7 7. Re1 e5 8. c3 Be6 9. d4 cxd4 10. cxd4 Bg4 11. d5 Nd4 12. Nc3 O-O 13. Be3 Nxf3+ 14. Bxf3 Bxf3 15. Qxf3 Nd7 16. Qe2 a6 17. f3 Bg5 18. Bf2 f5 19. Kg2 h5 20. exf5 Rxf5 21. Ne4 Be7 22. Rac1 Qa5 23. Qd2 Qb5 24. Rc7 Rd8 25. Nc3 Qa5 26. Rxb7 h4 27. g4 h3+ 28. Kxh3 Rxf3+ 29. Kg2 Rf7 30. Ne4 Qa4 31. Rb4 Qxa2 32. Bg3 Rdf8 33. Rb7 Qa4 34. Qb4 Qc2+ 35. Kh3 Nc5 36. Nxc5 dxc5 37. Qb3 Qh7+ 38. Kg2 Rf3 39. Rxe7 Rxb3 40. R7xe5 Rxb2+ 41. R1e2 Rxe2+ 42. Rxe2 Qd3 43. Rf2 Qxd5+ 0-1


[Site "https://www.chess.com"]

[Event "Titled Tuesday Blitz February 22 Early 2022"]
[White "Makhnev, Denis"]
[Black "Kobalia, Mikhail"]
[WhiteFideId "13707647"]
[BlackFideId "4119150"]
[WhiteElo "2491"]
[BlackElo "2667"]
[Result "0-1"]
[Round "11"]
[TimeControl "180+1"]
[Date "2022.02.22"]
[WhiteClock "0:00:19"]
[BlackClock "0:00:17"]

1. d4 d5 2. c4 c6 3. Nf3 Nf6 4. Qb3 e6 5. Nc3 Be7 6. Bf4 O-O 7. e3 dxc4 8. Bxc4 b5 9. Be2 Bb7 10. O-O Nbd7 11. Rfd1 a5 12. Ne5 a4 13. Qc2 a3 14. Bf3 Qb6 15. Bg5 axb2 16. Qxb2 Nxe5 17. dxe5 Ba3 18. Qb3 Nd5 19. Ne4 c5 20. Nd6 c4 21. Nxc4 bxc4 22. Qxb6 Nxb6 23. Bxb7 Rab8 24. Be4 Na4 25. Bc2 Nc3 26. Rd4 Ne2+ 27. Kf1 Nxd4 28. exd4 Rb2 29. Be4 c3 30. Bc1 Rc8 31. Bxb2 Bxb2 32. Rb1 c2 33. Bxc2 Rxc2 34. a4 g5 35. a5 Bxd4 36. Rb4 Bxf2 37. a6 Ra2 38. Rg4 h6 39. Rc4 Be3 40. Rc6 Kg7 41. g3 Rxh2 42. Rc3 Bd4 43. Ra3 Ba7 44. Rb3 Ra2 45. Rb7 Rxa6 46. Kg2 h5 47. Kh3 Ra3 48. Rd7 Bf2 49. Rd2 Bxg3 50. Kg2 Bf4 51. Re2 h4 52. Kf2 g4 53. Re4 Ra2+ 54. Kf1 Ra1+ 55. Ke2 h3 56. Rxf4 h2 57. Rxg4+ Kf8 58. Rh4 h1=Q 59. Rh8+ Qxh8 60. Kf3 Qh5+ 61. Kf4 Rf1+ 62. Ke3 Qh3+ 63. Kd2 Rf2+ 64. Ke1 Qf1# 0-1


[Site "https://www.chess.com"]

[Event "Titled Tuesday Blitz February 22 Early 2022"]
[White "Maltsevskaya, Aleksandra"]
[Black "Weetik, Vjacheslav"]
[WhiteFideId "24174041"]
[BlackFideId "4153472"]
[WhiteElo "2283"]
[BlackElo "2469"]
[Result "0-1"]
[Round "11"]
[TimeControl "180+1"]
[Date "2022.02.22"]
[WhiteClock "0:00:03"]
[BlackClock "0:00:55"]

1. e4 c6 2. d4 d5 3. Nc3 dxe4 4. Nxe4 Nf6 5. Nxf6+ exf6 6. Bd3 Bd6 7. c3 O-O 8. Qc2 Re8+ 9. Ne2 h5 10. O-O h4 11. h3 Nd7 12. Be3 Nf8 13. Rad1 Bc7 14. Qc1 Ng6 15. Rfe1 Be6 16. Nf4 Qd6 17. Nxg6 Qh2+ 18. Kf1 fxg6 19. Bxg6 Bc4+ 20. Bd3 Bxd3+ 21. Rxd3 Qh1+ 22. Ke2 Qxg2 23. Rg1 Qxh3 24. Kd2 Qf5 25. Kc2 h3 26. Qf1 h2 27. Rh1 Kf7 28. f4 Rxe3 0-1


[Site "https://www.chess.com"]

[Event "Titled Tuesday Blitz February 22 Early 2022"]
[White "Manukyan, Artyom"]
[Black "Urazayev, Arystanbek"]
[WhiteFideId "13305786"]
[BlackFideId "13709810"]
[WhiteElo "2034"]
[BlackElo "2321"]
[Result "0-1"]
[Round "11"]
[TimeControl "180+1"]
[Date "2022.02.22"]
[WhiteClock "0:00:01"]
[BlackClock "0:00:21"]

1. e4 c6 2. d4 d5 3. exd5 cxd5 4. Bd3 Nf6 5. c3 Bg4 6. Qb3 Qc7 7. h3 Bh5 8. g4 Bg6 9. Bxg6 hxg6 10. g5 Nfd7 11. Qxd5 e5 12. Nf3 Nc6 13. Be3 O-O-O 14. Qe4 f5 15. gxf6 Nxf6 16. Qxg6 exd4 17. cxd4 Nb4 18. Nc3 Rd6 19. Qf5+ Rd7 20. Nb5 Nc2+ 21. Kd1 Nxe3+ 22. fxe3 Qb6 23. Rc1+ Kb8 24. Qe5+ Bd6 25. Nxd6 Rxd6 26. Qc5 Qd8 27. Ne5 Ne4 28. Qb5 Nf2+ 29. Ke2 Nxh1 30. Nf7 Ng3+ 31. Kd3 Qe7 32. Nxh8 Qe4+ 33. Kd2 Qg2+ 34. Kd1 Qg1+ 35. Kd2 Qf2+ 36. Kd1 Rd8 0-1


[Site "https://www.chess.com"]

[Event "Titled Tuesday Blitz February 22 Early 2022"]
[White "Martin, Lewis"]
[Black "Baker, Chris W"]
[WhiteFideId "410551"]
[BlackFideId "401676"]
[WhiteElo "2145"]
[BlackElo "2230"]
[Result "1-0"]
[Round "11"]
[TimeControl "180+1"]
[Date "2022.02.22"]
[WhiteClock "0:01:23"]
[BlackClock "0:00:59"]

1. e4 e5 2. Nf3 Nc6 3. Bb5 a6 4. Ba4 Nf6 5. O-O Be7 6. Re1 b5 7. Bb3 O-O 8. a4 Rb8 9. axb5 axb5 10. c3 d5 11. exd5 Nxd5 12. Nxe5 Nxe5 13. Rxe5 Bb7 14. d4 Bd6 15. Re1 Qh4 16. g3 Qh3 17. f3 Rfe8 18. Rxe8+ Rxe8 19. Qf1 Qh5 20. Na3 Ne3 21. Bxe3 Rxe3 22. Nxb5 Bxg3 23. hxg3 Rxf3 24. Qg2 Qg4 25. Bd1 Qf5 26. Bxf3 Bxf3 27. Ra8+ 1-0


[Site "https://www.chess.com"]

[Event "Titled Tuesday Blitz February 22 Early 2022"]
[White "Matveeva, Olga"]
[Black "Zaksaite, Salomeja"]
[WhiteFideId "24107018"]
[BlackFideId "12801496"]
[WhiteElo "2083"]
[BlackElo "2002"]
[Result "0-1"]
[Round "11"]
[TimeControl "180+1"]
[Date "2022.02.22"]
[WhiteClock "0:00:14"]
[BlackClock "0:00:15"]

1. e4 c5 2. Nf3 e6 3. g3 Nc6 4. Bg2 d6 5. O-O Nf6 6. Re1 Be7 7. d4 cxd4 8. Nxd4 Bd7 9. c4 O-O 10. Nc3 a6 11. Nxc6 Bxc6 12. Qe2 Rc8 13. b3 Qa5 14. Bb2 b5 15. cxb5 axb5 16. a4 bxa4 17. bxa4 Bd7 18. Nb5 Rb8 19. Bf1 Rfc8 20. Ra2 Bxb5 21. Qd1 Bxf1 22. Kxf1 Ng4 23. Kg2 Ne5 24. Bxe5 Qxe5 25. a5 Ra8 26. a6 Qb5 27. a7 Qb7 28. Qd4 Rc5 29. h4 Rxa7 30. Rb1 Qxb1 31. Rxa7 Bf8 32. Ra8 Qb7 33. Qa4 Rc8 34. Ra7 Qc6 35. Qd4 f5 36. Kh2 Qxe4 37. Qb6 Qc6 38. Qd4 Qc5 0-1


[Site "https://www.chess.com"]

[Event "Titled Tuesday Blitz February 22 Early 2022"]
[White "Mayaud, Raphael"]
[Black "Chojnacki, Slawomir"]
[WhiteFideId "627151"]
[BlackFideId "1117076"]
[WhiteElo "2191"]
[BlackElo "2084"]
[Result "0-1"]
[Round "11"]
[TimeControl "180+1"]
[Date "2022.02.22"]
[WhiteClock "0:00:10"]
[BlackClock "0:01:41"]

1. d4 c6 2. Nf3 d5 3. c4 Nf6 4. Nc3 Bf5 5. Qb3 Qb6 6. c5 Qc7 7. Bf4 Qc8 8. e3 Nbd7 9. h3 e6 10. Be2 Be7 11. O-O Bd8 12. Qd1 Bc7 13. b4 Bxf4 14. exf4 a6 15. a4 O-O 16. Qb3 Ne4 17. Nxe4 Bxe4 18. b5 axb5 19. axb5 Bxf3 20. Bxf3 b6 21. Rxa8 Qxa8 22. bxc6 Qxc6 23. cxb6 Qxb6 24. Qxb6 Nxb6 25. Rb1 Nc4 26. Be2 Nd6 27. Bd3 g6 28. Rb6 Rd8 29. g4 Kg7 30. Kg2 Kf6 31. g5+ Kg7 32. Kf3 h6 33. h4 hxg5 34. hxg5 Nf5 35. Bxf5 gxf5 36. Rb3 Ra8 37. Ke3 Ra1 38. Rd3 Re1+ 39. Kf3 Kg6 40. Rd2 Rh1 41. Kg2 Ra1 42. Rd3 Ra2 43. Kf3 Kh5 44. Kg3 Rc2 45. Kf3 Kh4 46. Ke3 Kg4 47. f3+ Kg3 48. Rd1 Rc3+ 49. Ke2 Rxf3 50. Rg1+ Kxf4 51. g6 fxg6 52. Rxg6 Re3+ 53. Kd2 Re4 54. Kd3 Kf3 55. Rf6 f4 56. Rh6 Re3+ 57. Kd2 Re2+ 58. Kd3 Re1 59. Rf6 Kg3 60. Rg6+ Kf2 61. Rg8 f3 62. Rh8 Rd1+ 63. Kc2 Rxd4 0-1


[Site "https://www.chess.com"]

[Event "Titled Tuesday Blitz February 22 Early 2022"]
[White "Maze, Sebastien"]
[Black "Tymrakiewicz, Rafal"]
[WhiteFideId "613762"]
[BlackFideId "1108832"]
[WhiteElo "2462"]
[BlackElo "2205"]
[Result "0-1"]
[Round "11"]
[TimeControl "180+1"]
[Date "2022.02.22"]
[WhiteClock "0:00:01"]
[BlackClock "0:00:33"]

1. e4 Nf6 2. e5 Nd5 3. c4 Nb6 4. a4 d6 5. a5 N6d7 6. e6 fxe6 7. d4 e5 8. Bd3 Nf6 9. Bg5 g6 10. dxe5 dxe5 11. Nc3 Bg7 12. Nf3 Nc6 13. a6 O-O 14. O-O Rb8 15. Re1 Bg4 16. h3 Bh5 17. Bxf6 Bxf3 18. Qxf3 exf6 19. Qd5+ Kh8 20. axb7 Nb4 21. Qxd8 Rfxd8 22. Be4 f5 23. Ra4 c5 24. Bd5 Nxd5 25. Nxd5 Rxb7 26. Rea1 Rdd7 27. R1a2 e4 28. g4 Bd4 29. g5 Kg7 30. h4 Kf7 31. b3 Kg7 32. Kf1 h6 33. Ke2 hxg5 34. hxg5 Be5 35. Ra5 Bd4 36. R2a3 Kf7 37. Ra6 Be5 38. R3a5 Bd6 39. Ra3 Ke6 40. f3 Ke5 41. f4+ Kd4 42. Kd2 e3+ 43. Ke2 Ke4 44. Nf6+ Kxf4 45. Nxd7 Rxd7 0-1


[Site "https://www.chess.com"]

[Event "Titled Tuesday Blitz February 22 Early 2022"]
[White "Medeiros Jr, Francisco De Assis"]
[Black "Rodchenkov, Sergey D."]
[WhiteFideId "2114267"]
[BlackFideId "4168712"]
[WhiteElo "1998"]
[BlackElo "2306"]
[Result "0-1"]
[Round "11"]
[TimeControl "180+1"]
[Date "2022.02.22"]
[WhiteClock "0:00:01"]
[BlackClock "0:00:12"]

1. d4 Nf6 2. Nf3 e6 3. Bg5 b6 4. Nbd2 h6 5. Bh4 Bb7 6. c3 Be7 7. Bg3 d5 8. e3 c5 9. Bb5+ Nbd7 10. Ne5 O-O 11. Nc6 Qe8 12. Nxe7+ Qxe7 13. Bd3 e5 14. dxe5 Nxe5 15. Bxe5 Qxe5 16. O-O Rad8 17. Qe2 Rd6 18. Rfe1 Rfd8 19. Rad1 Qg5 20. Nf3 Qh5 21. Nd2 Qg5 22. Nf3 Qg4 23. Nd2 Qd7 24. Bb5 Qc8 25. Ba4 a6 26. h3 d4 27. exd4 cxd4 28. cxd4 Rxd4 29. Bb3 Nd5 30. Nf3 Rxd1 31. Rxd1 Nf4 32. Rxd8+ Qxd8 33. Qc4 Qf6 34. Nd4 b5 35. Qc7 Be4 36. Nc2 Bxg2 37. Qc8+ Kh7 38. Ne3 Be4 39. Bd1 h5 40. Kf1 Bd3+ 41. Ke1 Qd4 0-1


[Site "https://www.chess.com"]

[Event "Titled Tuesday Blitz February 22 Early 2022"]
[White "Mejia, Cherry Ann"]
[Black "Bazarov, Konstantin"]
[WhiteFideId "5206880"]
[BlackFideId "4137000"]
[WhiteElo "2007"]
[BlackElo "2079"]
[Result "0-1"]
[Round "11"]
[TimeControl "180+1"]
[Date "2022.02.22"]
[WhiteClock "0:00:05"]
[BlackClock "0:00:46"]

1. e4 d5 2. exd5 Qxd5 3. Nc3 Qd6 4. d4 Nf6 5. Nf3 a6 6. g3 Bg4 7. Bg2 Nc6 8. Bf4 Qe6+ 9. Qe2 Qxe2+ 10. Nxe2 O-O-O 11. O-O-O h6 12. h3 Bf5 13. Ne5 Nxe5 14. dxe5 Nd7 15. g4 Bg6 16. Bg3 e6 17. f4 Bc5 18. Rhf1 Rhe8 19. Nc3 Bb4 20. Ne4 Bxe4 21. Bxe4 Nb6 22. c3 Bc5 23. b3 Be7 24. Kc2 Nd5 25. Bxd5 exd5 26. f5 c5 27. Rfe1 Bf8 28. h4 b6 29. g5 Kb7 30. Bf4 Kc6 31. h5 hxg5 32. Bxg5 Be7 33. f6 gxf6 34. exf6 Bd6 35. h6 Rh8 36. Rh1 Rdg8 37. Rdg1 Rg6 38. h7 Be5 39. Bh6 Rxg1 40. Rxg1 Rxh7 41. Bg7 Rh2+ 42. Kb1 Bxc3 43. Rf1 Rb2+ 44. Kc1 Rxa2 45. Rh1 Ra1+ 0-1


[Site "https://www.chess.com"]

[Event "Titled Tuesday Blitz February 22 Early 2022"]
[White "Mikhalsky, Vladimir"]
[Black "Lakshmi C"]
[WhiteFideId "14144352"]
[BlackFideId "25035347"]
[WhiteElo "2248"]
[BlackElo "1775"]
[Result "1-0"]
[Round "11"]
[TimeControl "180+1"]
[Date "2022.02.22"]
[WhiteClock "0:00:48"]
[BlackClock "0:00:10"]

1. e4 c5 2. Nf3 d6 3. Bb5+ Bd7 4. Bxd7+ Nxd7 5. c4 e5 6. Nc3 Ne7 7. O-O g6 8. d3 Bg7 9. a3 O-O 10. b4 f5 11. Ng5 Rf6 12. Nd5 Nxd5 13. cxd5 Nf8 14. bxc5 dxc5 15. Bb2 Rd6 16. Nf3 Nd7 17. Rb1 f4 18. Nd2 b5 19. a4 a6 20. Ba1 Rb8 21. axb5 axb5 22. Qg4 Ra6 23. h4 h5 24. Qh3 Bf6 25. g3 Ra2 26. Nf3 Ra3 27. gxf4 Rxd3 28. Rfd1 Rxd1+ 29. Rxd1 Qe7 30. d6 Qe8 31. Rd5 exf4 32. e5 Ra8 33. Qf1 Nb6 34. Rxc5 Bg7 35. Bd4 Nc4 36. Rxc4 bxc4 37. Qxc4+ Kh8 38. e6 Qa4 39. Qxa4 Rxa4 40. d7 Ra8 41. e7 1-0


[Site "https://www.chess.com"]

[Event "Titled Tuesday Blitz February 22 Early 2022"]
[White "Mirzanurov, Bulat"]
[Black "Seifert, Henryk"]
[WhiteFideId "4184521"]
[BlackFideId "1100963"]
[WhiteElo "2116"]
[BlackElo "2120"]
[Result "1-0"]
[Round "11"]
[TimeControl "180+1"]
[Date "2022.02.22"]
[WhiteClock "0:01:03"]
[BlackClock "0:00:04"]

1. e4 e6 2. d4 d5 3. Nc3 Nf6 4. e5 Nfd7 5. f4 c5 6. Nf3 Nc6 7. Be3 a6 8. Ne2 Qb6 9. Qc1 f6 10. c3 cxd4 11. Nexd4 fxe5 12. Nxe6 d4 13. cxd4 Bb4+ 14. Kd1 exd4 15. Nexd4 O-O 16. Bc4+ Kh8 17. Ne6 Re8 18. Bxb6 Nxb6 19. Bb3 Bxe6 20. Bxe6 Rxe6 21. Qc2 Rd8+ 22. Kc1 Nd4 23. Nxd4 Rxd4 24. Qf5 Rc6+ 25. Kb1 1-0


[Site "https://www.chess.com"]

[Event "Titled Tuesday Blitz February 22 Early 2022"]
[White "Mohammad Fahad, Rahman"]
[Black "Pinheiro, Iung Alicio de O."]
[WhiteFideId "10207791"]
[BlackFideId "2104350"]
[WhiteElo "2323"]
[BlackElo "2614"]
[Result "1-0"]
[Round "11"]
[TimeControl "180+1"]
[Date "2022.02.22"]
[WhiteClock "0:00:23"]
[BlackClock "0:00:09"]

1. e4 c5 2. Nf3 Nc6 3. Bb5 e6 4. O-O Nge7 5. Re1 Nd4 6. Bf1 Nec6 7. c3 Nxf3+ 8. Qxf3 Be7 9. Qg3 O-O 10. d4 cxd4 11. Bh6 Bf6 12. cxd4 Kh8 13. e5 gxh6 14. exf6 Qxf6 15. d5 Nd4 16. Qd3 Rg8 17. Nd2 e5 18. d6 b5 19. Qe4 Nc6 20. Nf3 Bb7 21. Nxe5 Nxe5 22. Qxe5 Qxe5 23. Rxe5 a6 24. Re7 Bc6 25. Rxf7 Rg6 26. Re1 Rg7 27. Rfe7 Rag8 28. g3 Rg6 29. Bd3 R6g7 30. Bf5 Rf8 31. Bh3 Rgf7 32. f4 b4 33. Kf2 Kg7 34. Bg4 a5 35. Bh5 Kf6 36. Bxf7 Rxf7 37. Rxf7+ Kxf7 38. Re7+ Kg6 39. a3 h5 40. axb4 axb4 41. Re5 h6 42. h4 Bb7 43. Ke3 Bc6 44. Kd4 Kf6 45. Kc5 Kg6 46. Kxb4 Kf6 47. Kc5 Kg6 48. b4 Kf6 49. Rxh5 Kg6 50. Re5 Kf6 51. h5 1-0


[Site "https://www.chess.com"]

[Event "Titled Tuesday Blitz February 22 Early 2022"]
[White "Moksh Amit Doshi"]
[Black "Popadic, Dragan"]
[WhiteFideId "25064967"]
[BlackFideId "913650"]
[WhiteElo "2245"]
[BlackElo "2199"]
[Result "1-0"]
[Round "11"]
[TimeControl "180+1"]
[Date "2022.02.22"]
[WhiteClock "0:01:50"]
[BlackClock "0:01:26"]

1. d4 Nf6 2. c4 g6 3. f3 Bg7 4. e4 d6 5. Nc3 O-O 6. Nge2 c5 7. d5 e6 8. Ng3 exd5 9. cxd5 a6 10. a4 Nbd7 11. Be2 Ne5 12. O-O Bd7 13. h3 b5 14. f4 Nc4 15. b3 Ne8 16. Qc2 b4 17. Bxc4 Bxc3 18. Bb2 Bxb2 19. Qxb2 Qh4 20. Qf2 Ng7 21. e5 a5 22. Ne4 Qxf2+ 23. Rxf2 dxe5 24. Nf6+ Kh8 25. Nxd7 Rfd8 26. Nxe5 Kg8 27. d6 Ra7 28. Rd1 Nf5 29. d7 Kg7 30. Bxf7 Nd4 31. Be8 Kf6 32. Rfd2 g5 33. Rxd4 cxd4 34. Nc6 Rdxd7 35. Bxd7 Rxd7 36. Rxd4 Rc7 37. Nxa5 gxf4 38. Rxf4+ Kg5 39. Rxb4 1-0


[Site "https://www.chess.com"]

[Event "Titled Tuesday Blitz February 22 Early 2022"]
[White "Moroni, Luca Jr"]
[Black "Carlsson, Ludvig"]
[WhiteFideId "865834"]
[BlackFideId "1727010"]
[WhiteElo "2573"]
[BlackElo "2178"]
[Result "1-0"]
[Round "11"]
[TimeControl "180+1"]
[Date "2022.02.22"]
[WhiteClock "0:01:58"]
[BlackClock "0:00:04"]

1. d4 d5 2. Bf4 c5 3. e3 Nc6 4. Nf3 Nf6 5. Nbd2 cxd4 6. exd4 Bg4 7. c3 e6 8. Qb3 Qc8 9. Ne5 Nxe5 10. Bxe5 Nd7 11. Bg3 Be7 12. Bd3 Bh5 13. O-O Bg6 14. Bxg6 hxg6 15. c4 dxc4 16. Nxc4 O-O 17. Rac1 Nf6 18. Nb6 axb6 19. Rxc8 Rfxc8 20. Qxb6 Rxa2 21. Qxb7 Re8 22. b4 Nd5 23. b5 Bf6 24. Qc6 Rd8 25. b6 Bxd4 26. b7 Rb2 27. Qc8 Rf8 28. Bd6 1-0


[Site "https://www.chess.com"]

[Event "Titled Tuesday Blitz February 22 Early 2022"]
[White "Muradov, Soltan"]
[Black "Moskvin, Anatoly"]
[WhiteFideId "14002108"]
[BlackFideId "24199990"]
[WhiteElo "1854"]
[BlackElo "2079"]
[Result "0-1"]
[Round "11"]
[TimeControl "180+1"]
[Date "2022.02.22"]
[WhiteClock "0:00:25"]
[BlackClock "0:00:22"]

1. e4 e5 2. Nf3 d5 3. Nxe5 dxe4 4. Bc4 Qg5 5. Bxf7+ Kd8 6. d4 Qxg2 7. Rf1 Nf6 8. Bb3 Bh3 9. Qe2 Ke8 10. Bf7+ Kd8 11. Bc4 Nc6 12. Nf7+ Ke8 13. Nxh8 Nxd4 14. Qd1 Nf3+ 15. Ke2 Bg4 16. Ke3 Bc5+ 17. Kf4 g5# 0-1


[Site "https://www.chess.com"]

[Event "Titled Tuesday Blitz February 22 Early 2022"]
[White "Murzin, Volodar"]
[Black "Ivanisevic, Ivan"]
[WhiteFideId "44155573"]
[BlackFideId "912417"]
[WhiteElo "2585"]
[BlackElo "2495"]
[Result "1-0"]
[Round "11"]
[TimeControl "180+1"]
[Date "2022.02.22"]
[WhiteClock "0:00:03"]
[BlackClock "0:00:09"]

1. e4 c5 2. Nf3 d6 3. Bb5+ Bd7 4. Bxd7+ Nxd7 5. O-O Ngf6 6. Qe2 e6 7. c3 Be7 8. d4 O-O 9. Rd1 cxd4 10. cxd4 Qa5 11. Nc3 Qh5 12. e5 Ne8 13. Bf4 Nb6 14. d5 dxe5 15. Bxe5 f6 16. d6 Bd8 17. Bd4 e5 18. Bxb6 axb6 19. Nb5 g6 20. d7 Ng7 21. Qc4+ Kh8 22. Nd6 Nf5 23. Nxb7 Be7 24. Qe6 Bd8 25. Rac1 Ng7 26. Qd5 Be7 27. Rc8 Raxc8 28. dxc8=Q Rxc8 29. Qf7 Re8 30. Rd7 Bf8 31. Nd6 Ra8 32. Qd5 Rb8 33. Nf7+ Kg8 34. Nh6+ Kh8 35. Qg8# 1-0


[Site "https://www.chess.com"]

[Event "Titled Tuesday Blitz February 22 Early 2022"]
[White "Nakamura, Hikaru"]
[Black "Matinian, Nikita"]
[WhiteFideId "2016192"]
[BlackFideId "24129100"]
[WhiteElo "2850"]
[BlackElo "2422"]
[Result "1-0"]
[Round "11"]
[TimeControl "180+1"]
[Date "2022.02.22"]
[WhiteClock "0:00:05"]
[BlackClock "0:00:01"]

1. Nf3 Nf6 2. b3 g6 3. d4 Bg7 4. Bb2 O-O 5. e3 a5 6. c4 b6 7. Bd3 Bb7 8. Nc3 e6 9. e4 d6 10. O-O Nbd7 11. Qc2 c5 12. Nb5 Qe7 13. e5 dxe5 14. dxe5 Ng4 15. Be4 Ndxe5 16. Nxe5 Nxe5 17. Rfe1 Bxe4 18. Qxe4 Nf3+ 19. Qxf3 Bxb2 20. Rad1 Rad8 21. Qc6 Rxd1 22. Rxd1 Rd8 23. Rf1 Rb8 24. g3 Qe8 25. Qd6 e5 26. Qd2 Bd4 27. Nc7 Qd8 28. Nd5 b5 29. Qd3 bxc4 30. Qxc4 Rb4 31. Nxb4 axb4 32. Qe2 f5 33. Kg2 Kg7 34. Rd1 Qa8+ 35. f3 h5 36. Rd2 Qa3 37. Qc4 Kf6 38. Rc2 Qa8 39. h4 e4 40. Qe2 e3 41. Qd3 Qa3 42. Qb5 Qa8 43. Qe2 Qa3 44. f4 Qa8+ 45. Qf3 Qa6 46. Qd1 Qc6+ 47. Kh2 Qe4 48. Re2 Ke6 49. Qc1 Qf3 50. Qc2 Kf6 51. Qd3 Kg7 52. Rc2 Kh6 53. Qa6 Qd1 54. Qe2 Qb1 55. Kg2 Qa1 56. Qd3 Qb1 57. Qe2 Qa1 58. Kh2 Qb1 59. Qg2 Qd1 60. Re2 Qb1 61. Qg1 Qd3 62. Qf1 Kh7 63. Qe1 Qe4 64. Qh1 Qd3 65. Qb7+ Kh6 66. Qf3 Qb1 67. Qa8 Qd3 68. Rg2 Kh7 69. Qf8 Qd1 70. Qe7+ Kh6 71. Qe8 Kh7 72. Qd7+ Kh6 73. Qb5 Kh7 74. Qe2 Qb1 75. Qc4 Qd1 76. Re2 Qf1 77. Rc2 Qd1 78. Kg2 Kh6 79. Qe2 Qb1 80. Qd3 Kh7 81. Rd2 Qc1 82. Re2 Qa1 83. Qc2 Kh6 84. Kh2 1-0


[Site "https://www.chess.com"]

[Event "Titled Tuesday Blitz February 22 Early 2022"]
[White "Namitbir Singh Walia"]
[Black "Shuvalova, Polina"]
[WhiteFideId "35071068"]
[BlackFideId "24171760"]
[WhiteElo "1479"]
[BlackElo "2355"]
[Result "0-1"]
[Round "11"]
[TimeControl "180+1"]
[Date "2022.02.22"]
[WhiteClock "0:00:07"]
[BlackClock "0:00:34"]

1. d4 Nf6 2. c4 e6 3. g3 d5 4. Bg2 Bb4+ 5. Bd2 Be7 6. Nf3 c6 7. O-O Nbd7 8. Qc2 b6 9. Bg5 Bb7 10. Nbd2 h6 11. Bf4 Nh5 12. Be3 O-O 13. Ne5 Nhf6 14. cxd5 cxd5 15. Nc6 Bxc6 16. Qxc6 Rc8 17. Qa4 Qc7 18. Nb3 Qb7 19. Rac1 Rfd8 20. Qb5 a6 21. Qd3 Ne8 22. Bf4 Nd6 23. Nd2 Nf6 24. h4 b5 25. Bxd6 Bxd6 26. Nb3 Qb6 27. Qd2 Rc4 28. e3 Rdc8 29. Rfd1 Bb4 30. Qd3 a5 31. a3 Bd6 32. Qb1 Qc7 33. Bf1 Bxg3 34. Bxc4 bxc4 35. Nd2 Bxf2+ 36. Kxf2 Qh2+ 37. Kf3 Qh3+ 38. Ke2 Qg2+ 39. Ke1 Ng4 40. Ne4 dxe4 41. Rd2 Qg1+ 42. Ke2 Qf2+ 43. Kd1 Nxe3# 0-1


[Site "https://www.chess.com"]

[Event "Titled Tuesday Blitz February 22 Early 2022"]
[White "Neiksans, Arturs"]
[Black "Janaszak, Dawid"]
[WhiteFideId "11601388"]
[BlackFideId "1119206"]
[WhiteElo "2447"]
[BlackElo "2199"]
[Result "1/2-1/2"]
[Round "11"]
[TimeControl "180+1"]
[Date "2022.02.22"]
[WhiteClock "0:00:10"]
[BlackClock "0:00:17"]

1. d4 Nf6 2. Nf3 g6 3. Bf4 Bg7 4. e3 d6 5. h3 c5 6. Be2 Qb6 7. Nc3 cxd4 8. Qxd4 Qa5 9. O-O e5 10. Qxd6 exf4 11. Nb5 Na6 12. Qe5+ Kf8 13. Rad1 Bd7 14. Ng5 h6 15. Nxf7 Re8 16. Qxf4 Bxb5 17. Bxb5 Qxb5 18. Nxh8 Bxh8 19. Qxh6+ Bg7 20. Qxg6 Qxb2 21. Rd4 Qxa2 22. Rfd1 Qf7 23. Qf5 b6 24. Rf4 Nc5 25. Rd6 Nce4 26. Rd4 Kg8 27. g4 Qe6 28. Qg6 Qf7 29. Qf5 Qe6 30. Qg6 Qf7 31. Qf5 1/2-1/2


[Site "https://www.chess.com"]